 Dungeon Crawl Stone Soup version 0.23.2-1-ga50397a (webtiles) character file.

Game seed: 582869610488509295

345 Brandominion011 the Chopper (level 6, 0/48 HPs)
             Began as a Demonspawn Gladiator on May 31, 2019.
             Slain by an ogre
             ... wielding a +0 giant spiked club
              (14 damage)
             ... on level 4 of the Dungeon.
             The game lasted 00:16:27 (2455 turns).

Brandominion011 the Chopper (Demonspawn Gladiator)  Turns: 2455, Time: 00:16:28

Health: 0/48       AC: 11    Str: 16    XL:     6   Next: 32%
Magic:  6/6        EV: 12    Int:  9    God:
Gold:   223        SH:  0    Dex: 15    Spells: 5/5 levels left

rFire    . . .     SeeInvis .   a - +0 hand axe
rCold    . . .     Gourm    .   (no shield)
rNeg     . . .     Faith    +   i - +0 ring mail
rPois    +         Spirit   .   c - +0 helmet
rElec    .         Reflect  .   (no cloak)
rCorr    .         Harm     .   (no gloves)
MR       .....                  j - +2 pair of boots
Stlth    +.........             b - amulet of faith
HPRegen  0.16/turn              h - ring of poison resistance
MPRegen  0.10/turn              (no ring)

@: no status effects
A: molten scales 1, demonic guardian 1, spiny 3
a: no special abilities


You were on level 4 of the Dungeon.
You were not hungry.

You visited 1 branch of the dungeon, and saw 4 of its levels.

You collected 223 gold pieces.

Inventory:

Hand Weapons
 a - a +0 hand axe (weapon)
Missiles
 n - 8 tomahawks (quivered)
 s - 7 javelins
Armour
 c - a +0 helmet (worn)
 i - a +0 ring mail (worn)
 j - a +2 pair of boots (worn)
Jewellery
 b - an amulet of faith (around neck)
 h - a ring of poison resistance (left hand)
Wands
 m - a wand of flame (17)
 v - a wand of paralysis (9)
Scrolls
 q - 2 scrolls of teleportation
Potions
 d - a potion of might
 e - a potion of flight {unknown}
 k - 2 potions of haste
 l - 2 potions of lignification
 o - 2 potions of agility
 x - a potion of ambrosia {unknown}
Comestibles
 f - 9 rations
 g - 3 chunks of flesh


   Skills:
 + Level 4.0 Fighting
 + Level 4.2 Axes
 - Level 2.0 Throwing
 + Level 3.0 Armour
 - Level 3.0 Dodging


You had 5 spell levels left.
You didn't know any spells.
Your spell library was empty.

Dungeon Overview and Level Annotations

Branches:
Dungeon (4/15)
 Temple: D:4-7

Altars:
Ashenzari
Nemelex Xobeh
Trog
Vehumet
The Shining One


Innate Abilities, Weirdness & Mutations

You are partially covered in molten scales. (AC +2)
A weak demonic guardian rushes to your aid.
You are completely covered in sharp spines.


Message History

You feel a bit more experienced.
Things that are here:
a +0 dagger; a +0 robe; an orc corpse You butcher the orc corpse.
g - 4 chunks of flesh (gained 3)
Things that are here:
a +0 dagger; a +0 robe; an orc skeleton You start resting.
Eating one of 4 chunks of flesh.
You eat one of the 4 chunks of flesh.
This raw flesh tastes terrible.
An ogre comes into view. It is wielding a +0 giant spiked club.
The ogre shouts!
You barely miss the ogre. The ogre is struck by your spines.
The ogre hits you with a +0 giant spiked club!!
Ouch! That really hurt!
* * * LOW HITPOINT WARNING * * *
Your shadow imp hits the ogre.
You hit the ogre but do no damage.
The ogre is moderately wounded.
The ogre hits you with a +0 giant spiked club!
You die...

.......# . .. #.###..# #..
.#PP .... ...# #.# ...
..#####.# #.# #..
..#...#.# #.# #.#
#.#...#.# #.# #.#
..#...#.# ##.###.###
..#._.#.## ##...)....#
..#...#..######.@5....#.#
#.#...#..##..)..O.#####.#
>.#...#..##.###.#.####...
..##.##......##........#..
#...........)o....####.
.#.
##.###.#.###.##.#......
.... #.# #.#.#
#.##........ ## .# #.#
#.#.# #.##.#####.# ..#
#.#.# #.##.# #


You could see an ogre and a friendly shadow imp.

Vanquished Creatures
  An orc priest (D:3)
  An orc wizard (D:4)
  2 worker ants (D:4)
  A statue (D:4)
  5 adders
  An ooze (D:1)
  An adder zombie (D:4)
  2 dart slugs
  2 leopard geckos
  10 orcs
  7 bats
  8 giant cockroaches
  9 goblins
  11 hobgoblins
  5 jackals
  A ball python (D:3)
  8 frilled lizards
  7 kobolds
  5 rats
87 creatures vanquished.

Vanquished Creatures (collateral kills)
  An ogre (D:4)
1 creature vanquished.

Grand Total: 88 creatures vanquished

Notes
Turn   | Place    | Note
-------+----------+-------------------------------------------
     0 | D:1      | Brandominion011 the Demonspawn Gladiator began the quest
                  | for the Orb.
     0 | D:1      | Reached XP level 1. HP: 16/16 MP: 1/1
    56 | D:1      | Gained mutation: You are partially covered in sharp spines.
                  | [demonic ancestry]
    56 | D:1      | Reached XP level 2. HP: 16/22 MP: 2/2
   234 | D:1      | Reached skill level 1 in Armour
   234 | D:1      | Gained mutation: You are mostly covered in sharp spines.
                  | [demonic ancestry]
   234 | D:1      | Reached XP level 3. HP: 17/28 MP: 3/3
   893 | D:2      | Gained mutation: You are partially covered in molten
                  | scales. (AC +2) [demonic ancestry]
   893 | D:2      | Reached XP level 4. HP: 34/34 MP: 4/4
   902 | D:2      | Found a shattered altar of Ashenzari.
  1096 | D:2      | Found a bloodstained altar of Trog.
  1490 | D:3      | Found a sparkling altar of Nemelex Xobeh.
  1503 | D:3      | Found a glowing golden altar of the Shining One.
  1532 | D:3      | Gained mutation: A weak demonic guardian rushes to your
                  | aid. [demonic ancestry]
  1532 | D:3      | Reached XP level 5. HP: 28/41 MP: 5/5
  2024 | D:4      | Noticed an ogre
  2029 | D:4      | Killed an ogre
  2118 | D:4      | Gained mutation: You are completely covered in sharp
                  | spines. [demonic ancestry]
  2118 | D:4      | Reached XP level 6. HP: 48/48 MP: 6/6
  2184 | D:4      | Found a radiant altar of Vehumet.
  2455 | D:4      | Slain by an ogre

Skill      XL: |  1  2  3  4  5  6 |
---------------+-------------------+-----
Throwing       | 2 |  2.0
Dodging        | 3 |  3.0
Axes           | 3 4 |  4.2
Armour         | 1 2 3 |  3.0
Fighting       | 3 4 |  4.0

Action                   |  1- 3 |  4- 6 || total
-------------------------+-------+-------++-------
Melee: War axe           |    57 |    46 ||   103
       Hand axe          |       |    60 ||    60
Throw: Throwing net      |     4 |     8 ||    12
  Use: Scroll            |     3 |    10 ||    13
       Potion            |     1 |     1 ||     2
  Eat: Chunk             |       |     5 ||     5
Armor: Leather armour    |     8 |       ||     8
       Ring mail         |       |    26 ||    26
Dodge: Dodged            |    44 |    52 ||    96
